 Dungeon Crawl Stone Soup version 0.22-a0-110-g5b255cf (webtiles) character file.

1869 Faca the Fighter (level 9, -1/64 HPs)
             Began as a Gargoyle Fighter on Jan 27, 2018.
             Was a Follower of Okawaru.
             Slain by a komodo dragon (14 damage)
             ... on level 8 of the Dungeon.
             The game lasted 00:13:21 (7230 turns).

Faca the Fighter (Gargoyle Fighter)                 Turns: 7230, Time: 00:13:21

Health: -1/64      AC: 19    Str: 21    XL:     9   Next: 13%
Magic:  8/9        EV:  5    Int:  9    God:    Okawaru [*.....]
Gold:   411        SH: 10    Dex: 11    Spells: 8/8 levels left

rFire    . . .     SeeInvis .   a - +0 flail
rCold    + . .     Gourm    .   c - +1 shield
rNeg     + . .     Faith    .   u - +2 chain mail {rC+}
rPois    ∞         Spirit   .   (no helmet)
rElec    +         Reflect  .   (no cloak)
rCorr    +         Harm     .   (no gloves)
MR       .....                  t - +1 pair of boots
Stlth    ..........             (no amulet)
HPRegen  0.20/turn              y - ring of flight
MPRegen  0.11/turn              C - ring of resist corrosion

@: no status effects
A: negative energy resistance 1, electricity resistance, unbreathing,
petrification resistance, rot immunity, AC +6
a: Heroism, Renounce Religion, Evoke Flight


You were on level 8 of the Dungeon.
You worshipped Okawaru.
Okawaru was aware of your devotion.
You were not hungry.

You visited 2 branches of the dungeon, and saw 9 of its levels.
You also visited: Sewer.

You collected 411 gold pieces.

Inventory:

Hand Weapons
 a - a +0 flail (weapon)
Armour
 c - a +1 shield (worn)
 t - a +1 pair of boots (worn)
 u - a +2 chain mail of cold resistance (worn)
Jewellery
 y - a ring of flight (left hand)
 C - a ring of resist corrosion (right hand)
Scrolls
 d - a scroll of blinking {unknown}
 e - 2 scrolls of remove curse
 j - a scroll of magic mapping
 k - 3 scrolls of immolation {unknown}
 m - 2 scrolls of fear {unknown}
 n - a scroll of enchant weapon {unknown}
 o - 2 scrolls of amnesia {unknown}
 p - 2 scrolls of teleportation {unknown}
 r - 2 scrolls of fog
 s - 2 scrolls of enchant armour
Potions
 b - a potion of ambrosia {unknown}
 g - 2 potions of haste
 h - a potion of resistance
 i - a potion of curing
 l - 5 potions of brilliance
 q - a potion of cancellation {unknown}
 v - 3 potions of flight
 w - a potion of agility {unknown}
 x - 2 potions of invisibility
 z - a potion of degeneration {unknown}
 A - 3 potions of heal wounds
 B - a potion of berserk rage {unknown}
 D - a potion of might
Comestibles
 f - 5 rations


   Skills:
 + Level 11.1 Fighting
 + Level 6.3 Maces & Flails
 - Level 3.2 Armour
 - Level 3.2 Shields


You had 8 spell levels left.
You didn't know any spells.

Dungeon Overview and Level Annotations

Branches:
Dungeon (8/15)             Temple (1/1) D:6
   Lair: D:8-11

Altars:
Elyvilon
Fedhas
Makhleb
Okawaru

Shops:
D:5 }   D:7 ?


Innate Abilities, Weirdness & Mutations

You are resistant to torment.
Your stone body is resilient. (AC +6)
You are immune to poison.
You resist negative energy. (rN+)
You are resistant to electric shocks. (rElec)
You can survive without breathing.
You are immune to petrification.
You are immune to rotting.


Message History

You completely miss the komodo dragon.
The komodo dragon hisses menacingly.
The komodo dragon bites you!!
You barely miss the komodo dragon.
The komodo dragon bites you but does no damage.
You barely miss the komodo dragon. You block the komodo dragon's attack.
You hit the komodo dragon but do no damage.
The komodo dragon bites you.
You closely miss the komodo dragon. The komodo dragon barely misses you.
You hit the komodo dragon but do no damage.
The komodo dragon bites you!!
* * * LOW HITPOINT WARNING * * *
You hear a bark!
You hit the komodo dragon.
The komodo dragon is lightly wounded.
A jackal comes into view.
You feel like a meek peon again.
The jackal barks!
You block the jackal's attack. The komodo dragon bites you!
You die...

#####.......†.....###
#...................#
#.########........#.# #.#
#.###.##...# #.# #.# #.##.#.# #.#
#.###....#.# #># #..........#
#######.########h########.######
...............@ls..............
########.#################.######
...# #.# #....... ##.# #.#
######## #.# #.# #.#####.#
#.......# #######.# ###


You could see a komodo dragon, a scorpion and a jackal.

Vanquished Creatures
  Duvessa (D:6)
  Purgy (Sewer)
  An orc warrior (D:5)
  2 ice beasts (D:5)
  2 sky beasts
  An ogre (D:4)
  A phantom (D:5)
  A big kobold (D:5)
  2 bullfrogs
  Dowan (D:5)
  A scorpion (D:7)
  4 killer bees
  A crimson imp (D:5)
  A hound (D:5)
  4 orc priests
  3 orc wizards
  An iguana (D:2)
  3 worker ants
  10 adders
  2 shadow imps
  3 oozes
  An adder skeleton (D:5)
  2 worms
  2 leopard geckos
  10 orcs
  3 giant cockroaches
  5 goblins
  4 hobgoblins
  A jackal (D:8)
  2 quokkas
  2 ball pythons (D:1)
  4 bats
  6 frilled lizards
  18 kobolds
  A quokka skeleton (D:8)
  10 rats
117 creatures vanquished.

Vanquished Creatures (others)
  A plant (D:8)
1 creature vanquished.

Grand Total: 118 creatures vanquished

Notes
Turn   | Place    | Note
-------+----------+-------------------------------------------
     0 | D:1      | Faca the Gargoyle Fighter began the quest for the Orb.
     0 | D:1      | Reached XP level 1. HP: 14/14 MP: 1/1
   107 | D:1      | Reached skill level 4 in Fighting
   107 | D:1      | Reached XP level 2. HP: 20/20 MP: 2/2
   645 | D:1      | Reached XP level 3. HP: 24/24 MP: 3/3
   954 | D:2      | Reached skill level 5 in Fighting
   954 | D:2      | Reached XP level 4. HP: 14/31 MP: 4/4
  1488 | D:2      | You fall through a shaft for 2 floors!
  1547 | D:4      | Reached skill level 6 in Fighting
  1547 | D:4      | Reached XP level 5. HP: 20/36 MP: 5/5
  1906 | D:3      | Found a glowing drain.
  1918 | Sewer    | Entered a sewer
  1931 | Sewer    | Noticed Purgy
  1947 | Sewer    | Killed Purgy
  1947 | Sewer    | Reached skill level 7 in Fighting
  1947 | Sewer    | Reached XP level 6. HP: 37/44 MP: 6/6
  3433 | D:4      | Reached skill level 8 in Fighting
  3722 | D:4      | Reached XP level 7. HP: 49/50 MP: 7/7
  3800 | D:5      | Entered Level 5 of the Dungeon
  3915 | D:5      | Reached skill level 9 in Fighting
  4369 | D:5      | Reached XP level 8. HP: 57/57 MP: 8/8
  4446 | D:5      | Found Xying's Gadget Shoppe.
  4529 | D:5      | Reached skill level 10 in Fighting
  4754 | D:6      | Noticed Duvessa
  4754 | D:6      | Noticed Dowan
  4792 | D:6      | Killed Duvessa
  4825 | D:5      | Killed Dowan
  5136 | D:6      | Found a staircase to the Ecumenical Temple.
  5147 | Temple   | Entered the Ecumenical Temple
  5153 | Temple   | Became a worshipper of Warmaster Okawaru
  5242 | D:6      | Reached skill level 5 in Maces & Flails
  5752 | D:7      | Found Mycraiss's Magic Scroll Shop.
  5969 | D:6      | Reached * piety under Okawaru
  6403 | D:7      | Reached XP level 9. HP: 34/63 MP: 9/9
  6589 | D:7      | Reached skill level 11 in Fighting
  7203 | D:8      | Noticed a komodo dragon
  7230 | D:8      | Slain by a komodo dragon

Vault maps used:
D:1:      eino_arrival_druids_welcome
D:2:      serial_bayou_pond_d, minivault_4
D:3:      cheibrodos_sewer_entry_drain, first_ration, serial_bayou_pond_a
D:5:      cheibrodos_thug_alley, serial_shops, nicolae_shop_window_shopping,
          minmay_holes, kennysheep_generic_room_8
D:6:      minmay_temple_entry_crystal_x, uniq_duvessa
D:7:      serial_shops, shop
D:8:      dancing_weapons_uskayaw, david_lair_shrubbed, uniq_grum, uniq_erica,
          uniq_prince_ribbit1
Temple:   nicolae_temple_the_god_donut
Sewer:    kennysheep_door_sewer

Skill      XL: |  1  2  3  4  5  6  7  8  9 |
---------------+----------------------------+-----
Fighting       | 4 5 6 7 8 9 10 11 | 11.1
Maces & Flails | 3 5 6 |  6.3
Armour         | |  3.2
Shields        | |  3.2

Action                   |  1- 3 |  4- 6 |  7- 9 || total
-------------------------+-------+-------+-------++-------
Melee: Flail             |    76 |   246 |   335 ||   657
Invok: Heroism           |       |       |     1 ||     1
  Use: Potion            |       |     1 |     3 ||     4
       Scroll            |       |    10 |     3 ||    13
  Eat: Ration            |       |     2 |     4 ||     6
       Chunk             |       |     2 |       ||     2
Armor: Scale mail        |    60 |   130 |       ||   190
       Chain mail        |       |    34 |   246 ||   280
       Skin              |       |       |     6 ||     6
Dodge: Dodged            |    35 |    80 |    97 ||   212
Block: Shield            |    53 |   153 |   206 ||   412

Table legend:
 A = Spawn XP
 B = Non-spawn XP
 C = Spawn XP percentage of total XP
 D = Spawn monster count
 E = Non-spawn monster count
 F = Spawn count percentage of total count
 G = Total turns spent on level
                    A         B        C        D         E        F      G
               +---------+---------+-------+---------+---------+-------+---------
         Total |       0 |    2671 |   0.0 |       0 |     117 |   0.0 |  7230
               +---------+---------+-------+---------+---------+-------+---------
           D:1 |       0 |      37 |   0.0 |       0 |      19 |   0.0 |   790
           D:2 |       0 |      65 |   0.0 |       0 |      10 |   0.0 |   845
           D:3 |       0 |      57 |   0.0 |       0 |      15 |   0.0 |   671
           D:4 |       0 |     327 |   0.0 |       0 |      17 |   0.0 |  1310
           D:5 |       0 |     925 |   0.0 |       0 |      25 |   0.0 |  1103
           D:6 |       0 |     517 |   0.0 |       0 |       9 |   0.0 |  1081
           D:7 |       0 |     493 |   0.0 |       0 |      12 |   0.0 |  1113
           D:8 |       0 |     110 |   0.0 |       0 |       4 |   0.0 |   118
         Sewer |       0 |     140 |   0.0 |       0 |       6 |   0.0 |   184
               +---------+---------+-------+---------+---------+-------+---------
